 Dungeon Crawl Stone Soup version 0.29-a0-231-g945431f764 (webtiles) character file.

Game seed: 16213720764503642403

31434 Crownlay the Basher (level 13, -2/83 HPs)
             Began as a Gargoyle Fighter on Feb 28, 2022.
             Was a High Priest of Okawaru.
             Slain by Snorg (10 damage)
             ... on level 2 of the Lair of Beasts.
             The game lasted 00:32:42 (21302 turns).

Crownlay the Basher (Gargoyle Fighter)             Turns: 21302, Time: 00:32:42

Health: -2/83      AC: 34    Str: 33    XL:     13   Next: 58%
Magic:  20/20      EV: 10    Int: 10    God:    Okawaru [*****.]
Gold:   554        SH:  7    Dex:  9    Spells: 12/12 levels left

rFire   + + .      SeeInvis .   s - +11 falchion of Ukky {vorpal, rF++ rN+++ Stlth-}
rCold   + . .      Faith    .   c - +0 buckler
rNeg    + + +      Spirit   .   R - +8 chain mail of the Battered Xenops {rElec}
rPois   ∞          Reflect  .   F - +2 hat
rElec   +          Harm     .   (no cloak)
rCorr   +          Rampage  .   r - +0 pair of gloves
Will    +....                   (no boots)
Stlth   ..........              y - amulet "Nufal" {Acrobat Str+3}
HPRegen 0.23/turn               k - +6 ring of strength
MPRegen 0.17/turn               L - ring of Jaank {rC+ Will+ rCorr}

@: brilliant, heroic
A: sickness immunity, AC +9, negative energy resistance 1, electricity
resistance, torment resistance 1, petrification resistance
a: Renounce Religion, Heroism, Finesse, Duel


You were on level 2 of the Lair of Beasts.
You worshipped Okawaru.
Okawaru was extremely pleased with you.
You visited 3 branches of the dungeon, and saw 17 of its levels.

You collected 1035 gold pieces.
You spent 481 gold pieces at shops.

Inventory:

Hand Weapons
 a - a +0 flail
 s - the +11 falchion of Ukky (weapon) {vorpal, rF++ rN+++ Stlth-}
   (You found it on level 1 of the Lair of Beasts)

   It inflicts extra damage upon your enemies.
   rF:        It greatly protects you from fire.
   rN:        It renders you almost immune to negative energy.
   Stlth:     It makes you less stealthy.
 Q - a +2 scimitar of holy wrath
Missiles
 l - 3 curare-tipped darts
 w - 25 javelins (quivered)
 M - 7 boomerangs of dispersal
 N - 2 silver boomerangs
Armour
 c - a +0 buckler (worn)
 r - a +0 pair of gloves (worn)
 F - a +2 hat (worn)
 R - the +8 chain mail of the Battered Xenops (worn) {rElec}
   (You found it on level 12 of the Dungeon)

   rElec:     It insulates you from electricity.
Jewellery
 k - a +6 ring of strength (left hand)
 o - a ring of flight
 y - the amulet "Nufal" (around neck) {Acrobat Str+3}
   (You found it on level 4 of the Dungeon)

   [amulet of the acrobat]

   It increases your evasion while moving and waiting.
   Str:       It affects your strength (+3).
 L - the ring of Jaank (right hand) {rC+ Will+ rCorr}
   (You bought it in a shop on level 12 of the Dungeon)

   [ring of resist corrosion]

   rC:        It protects you from cold.
   rCorr:     It protects you from acid and corrosion.
   Will:      It increases your willpower.
Wands
 i - a wand of flame (7)
 B - a wand of acid (11)
 E - a wand of iceblast (14)
 K - a wand of digging (4)
 O - a wand of mindburst (7)
Scrolls
 j - 2 scrolls of blinking
 p - a scroll of silence
 q - 4 scrolls of enchant armour
 t - a scroll of magic mapping
 u - a scroll of enchant weapon
 z - 5 scrolls of fear
 C - 3 scrolls of teleportation
 J - 3 scrolls of fog
Potions
 b - 3 potions of resistance
 d - a potion of might
 f - 4 potions of curing
 g - 4 potions of attraction
 h - a potion of cancellation {unknown}
 m - 4 potions of degeneration {unknown}
 n - 2 potions of mutation {unknown}
 v - 4 potions of brilliance
 A - 2 potions of invisibility {unknown}
 D - 2 potions of heal wounds {unknown}
 G - a potion of ambrosia {unknown}
 H - 2 potions of lignification {unknown}
 P - a potion of berserk rage {unknown}
Miscellaneous
 x - a condenser vane
 I - a condenser vane


   Skills:
 + Level 10.7(15.7) Fighting
 * Level 3.7(8.7) Long Blades
 - Level 12.0(17.0) Maces & Flails
 - Level 5.0(10.0) Throwing
 - Level 9.0(14.0) Armour
 - Level 9.0(14.0) Shields
 * Level 10.0 Invocations
 * Level 7.1 Evocations


You had 12 spell levels left.
You didn't know any spells.
Your spell library contained the following spells:

 Spells                   Type           Power      Damage    Failure   Level
 Magic Dart               Conj           0%         1d3       80%         1
 Pain                     Necr           0%         1d4       80%         1
 Sandblast                Erth           0%         2d4       80%         1
 Ensorcelled Hibernation  Hex/Ice        0%         N/A       90%         2
 Passwall                 Tmut/Erth      0%         N/A       90%         2
 Searing Ray              Conj           0%         2d4       90%         2
 Wereblood                Tmut           0%         N/A       90%         2
 Spider Form              Tmut/Pois      0%         N/A       99%         3
 Stone Arrow              Conj/Erth      0%         3d7       99%         3
 Anguish                  Hex/Necr       0%         N/A       100%        4
 Fulminant Prism          Conj/Hex       0%         3d6       100%        4
 Agony                    Necr           0%         N/A       100%        5
 Excruciating Wounds      Necr           0%         N/A       100%        5
 Fireball                 Conj/Fire      0%         3d3       100%        5
 Iskenderun's Battlesphe  Conj           0%         2d6       100%        5
 Conjure Ball Lightning   Conj/Air       0%         3x3d6     100%        6
 Orb of Destruction       Conj           0%         9d5       100%        7
 Sublimation of Blood     Necr           Unusable   N/A       N/A         2
 Summon Hydra             Summ           Unusable   N/A       N/A         7

Dungeon Overview and Level Annotations

Branches:
Dungeon (13/15) Temple (1/1) D:7 Lair (3/6) D:9 Snake (0/4) Lair:2 Orc (0/2) D:11 Vaults (0/5) D:12 D:13 Swamp: Lair:2-4 Shoals: Lair:2-4

Altars:
Ashenzari
Dithmenos
Elyvilon
Fedhas
Gozag
Makhleb
Nemelex Xobeh
Okawaru
Qazlal
Sif Muna
Trog
Uskayaw
Vehumet
Wu Jian
Xom
Yredelemnul
Zin
The Shining One

Shops:
D:11 ?   D:12 =

Annotations:
D:4 2 runed translucent doors
D:13 Josephine, Nessos
Lair:2 2 transporters, Snorg; Zgarb's ghost, journeyman TeHu


Innate Abilities, Weirdness & Mutations

You are immune to sickness and miasma.
Your stone body is resilient. (AC +9)
You are immune to poison.
You resist negative energy. (rN+)
You are resistant to electric shocks. (rElec)
You are resistant to unholy torment.
You are immune to petrification.


Message History

Snorg shouts!
You gain the combat prowess of a mighty hero.
Snorg completely misses you. Snorg claws you but does no damage.
Snorg closely misses you.
Snorg goes berserk!
You block Snorg's attack. Snorg completely misses you. x2
You block Snorg's attack. x2; Snorg claws you.
You closely miss Snorg. Snorg bites you!! Snorg closely misses you.
Snorg claws you but does no damage.
You barely miss Snorg. Snorg bites you! Snorg barely misses you.
Snorg claws you but does no damage.
You slash Snorg!
Snorg is lightly wounded.
Snorg bites you but does no damage. Snorg barely misses you. Snorg claws you!
You are too injured to fight recklessly!
You are too injured to fight recklessly!
You are too injured to fight recklessly!
You are too injured to fight recklessly!
You are too injured to fight recklessly!
You are too injured to fight recklessly!
You are too injured to fight recklessly!
Press: ? - help, v - describe, . - travel
Here: Snorg (lightly wounded, berserk)
The floor.
You closely miss Snorg.
Snorg is lightly wounded.
Snorg bites you!
* * * LOW HITPOINT WARNING * * *
Snorg closely misses you. Snorg claws you!
* * * LOW HITPOINT WARNING * * *
You block Snorg's attack. Snorg claws you but does no damage. Snorg claws you.
* * * LOW HITPOINT WARNING * * *
Okay, then.
You can't see any enemies this would affect, really read the scroll of fear?
Okay, then.
Snorg misses you. Snorg closely misses you. Snorg completely misses you.
It was a potion of brilliance.
You feel clever all of a sudden. You block Snorg's attack.
Snorg claws you but does no damage. Snorg claws you!
You die...

.........P..P#..#....#......###..
.....................#.###..##...
...#.........#.......####P..)....
...##....#........#..##.#......#.
........##........##..#..#.....##
....#...P#.......###...........#
...#.....#.##.#.#.###........P##
#.##......#.....T##....#####..###
###.............@.##..##ShW##..#.
#.#.#...#..........##F###.##..#
##..####.#####.#..##.F≈...≈##..
##.# ##.####...##8≈..≈...8##.
#P.#######.##..##≈S#.###.#≈.##
##.....P###...##....##!##...W# ##
#.P...## ##..#$#l.##...##.l#F
.####.....####..©#[#.≈#.! .?#.S#S
..##...#....##...#S#S.#...$.#$S#h


You could see Snorg (berserk).

Vanquished Creatures
  3 hydras
  A boulder beetle (D:12)
  3 two-headed ogres
  A tengu warrior (D:10)
  Urug (D:11)
  2 orc knights (D:12)
  Pikel (D:4)
  3 ugly things
  An oklob plant (Lair:2)
  5 elephants
  Joseph (D:7)
  2 gargoyles
  2 rime drakes
  2 cane toads
  3 komodo dragons
  A tengu conjurer (D:10)
  2 trolls
  5 slime creatures (D:12)
  6 blink frogs
  A shadow (D:9)
  Sigmund (D:3)
  A vampire (D:11)
  30 yaks
  A wyvern (Lair:1)
  16 humans (D:12)
  4 wraiths
  A basilisk (Lair:3)
  6 nagas (Lair:2)
  4 wargs (D:11)
  2 acid dragons
  5 water moccasins
  8 orc warriors
  2 ice beasts
  4 sky beasts
  2 black bears
  6 wolves
  5 ogres
  7 centaurs
  2 phantoms
  4 kobold brigands
  13 bullfrogs
  A necrophage (D:4)
  4 scorpions
  4 wights
  5 killer bees (D:10)
  4 hounds
  2 jellies
  6 orc priests
  6 iguanas
  5 orc wizards
  7 hell rats (Lair:1)
  15 gnolls
  6 adders
  12 river rats (Lair:1)
  2 shadow imps
  An ufetubus (D:5)
  7 worms
  4 dart slugs
  48 orcs
  3 bats
  10 endoplasms
  A giant cockroach (D:4)
  10 goblins
  7 hobgoblins
  4 jackals (D:3)
  24 kobolds
  10 quokkas
  7 ball pythons
  4 frilled lizards
  13 rats
402 creatures vanquished.

Vanquished Creatures (others)
  10 fungi
  13 plants
23 creatures vanquished.

Grand Total: 425 creatures vanquished

Notes
Turn   | Place    | Note
-------+----------+-------------------------------------------
     0 | D:1      | Crownlay the Gargoyle Fighter began the quest for the Orb.
     0 | D:1      | Reached XP level 1. HP: 14/14 MP: 1/1
   296 | D:1      | Reached XP level 2. HP: 19/19 MP: 2/2
   883 | D:1      | Reached XP level 3. HP: 22/23 MP: 3/3
  1230 | D:2      | Found a faded altar of an unknown god.
  1472 | D:2      | Reached skill level 3 in Maces & Flails
  1542 | D:2      | Found a white marble altar of Elyvilon.
  2197 | D:3      | Reached XP level 4. HP: 17/28 MP: 4/4
  2332 | D:3      | Noticed Sigmund
  2346 | D:3      | Killed Sigmund
  2347 | D:3      | Reached skill level 4 in Maces & Flails
  2347 | D:3      | Reached XP level 5. HP: 32/33 MP: 5/5
  2392 | D:3      | Reached XP level 6. HP: 39/39 MP: 6/6
  3263 | D:4      | Noticed an ice beast
  3275 | D:4      | HP: 1/40 [ice beast (11)]
  3278 | D:4      | Killed an ice beast
  3279 | D:4      | Reached skill level 5 in Fighting
  3279 | D:4      | Reached XP level 7. HP: 1/44 MP: 7/7
  3532 | D:4      | Found a large runed translucent door.
  3532 | D:4      | Found a large runed translucent door.
  3538 | D:4      | Reached skill level 5 in Maces & Flails
  3550 | D:4      | Found a large runed translucent door.
  3550 | D:4      | Found a large runed translucent door.
  3564 | D:4      | Identified the +0 robe "Taon" {Slay+5 Stlth-}
  3600 | D:4      | Noticed Pikel
  3618 | D:4      | HP: 2/44 [Pikel/+1 whip of electrocution (2)]
  3620 | D:4      | Killed Pikel
  3621 | D:4      | Reached skill level 6 in Maces & Flails
  3621 | D:4      | Reached skill level 5 in Armour
  3621 | D:4      | Reached skill level 5 in Shields
  3621 | D:4      | Reached XP level 8. HP: 3/51 MP: 8/8
  3628 | D:4      | HP: 1/52 [goblin/+0 club (3)]
  4764 | D:4      | Identified the amulet "Nufal" {Acrobat Str+3}
  4795 | D:5      | Entered Level 5 of the Dungeon
  4813 | D:5      | Reached skill level 7 in Maces & Flails
  4813 | D:5      | Reached XP level 9. HP: 52/57 MP: 9/9
  6044 | D:6      | Reached skill level 1 in Evocations
  6471 | D:6      | Reached skill level 8 in Maces & Flails
  6990 | D:7      | Found a basalt altar of Yredelemnul.
  7030 | D:7      | Found a staircase to the Ecumenical Temple.
  7077 | Temple   | Entered the Ecumenical Temple
  7199 | Temple   | Became a worshipper of Warmaster Okawaru
  7278 | D:7      | Reached XP level 10. HP: 22/65 MP: 10/10
  7280 | D:7      | Reached skill level 1 in Invocations
  7533 | D:7      | Noticed Joseph
  7555 | D:7      | Killed Joseph
  8490 | D:8      | Reached * piety under Okawaru
  8491 | D:8      | Reached skill level 9 in Maces & Flails
  9387 | D:9      | Reached skill level 1 in Throwing
  9909 | D:9      | Found a staircase to the Lair.
 10030 | D:9      | Noticed a brown ugly thing
 10043 | D:9      | Killed a brown ugly thing
 10043 | D:9      | Reached ** piety under Okawaru
 10044 | D:9      | Reached XP level 11. HP: 33/71 MP: 11/13
 10451 | D:10     | Entered Level 10 of the Dungeon
 10689 | D:10     | Reached skill level 10 in Maces & Flails
 10889 | D:10     | Noticed a two-headed ogre
 10899 | D:10     | Killed a two-headed ogre
 10899 | D:10     | Reached *** piety under Okawaru
 11077 | D:10     | Noticed a tengu warrior
 11108 | D:10     | Killed a tengu warrior
 11996 | D:10     | Noticed a two-headed ogre
 12004 | D:10     | Killed a two-headed ogre
 12004 | D:10     | Reached **** piety under Okawaru
 12170 | D:11     | Found a staircase to the Orcish Mines.
 12200 | D:11     | Received a gift from Okawaru
 12205 | D:11     | Reached skill level 5 in Invocations
 12587 | D:11     | Noticed Urug
 12606 | D:11     | Killed Urug
 13169 | D:11     | Found Uvosa's Magic Scroll Shop.
 13177 | D:11     | Bought a scroll of teleportation for 30 gold pieces
 13177 | D:11     | Bought a scroll of identify for 20 gold pieces
 13177 | D:11     | Bought a scroll of fear for 35 gold pieces
 13338 | D:12     | Reached skill level 5 in Evocations
 13428 | D:12     | Noticed a boulder beetle
 13474 | D:12     | Found a shimmering blue altar of Sif Muna.
 13495 | D:12     | Found Suzocoth's Jewellery Shoppe.
 13503 | D:12     | Bought the ring of Jaank {rC+ Will+ rCorr} for 396 gold
                  | pieces
 13589 | D:12     | Noticed a green ugly thing
 13606 | D:12     | Killed a green ugly thing
 13629 | D:12     | Noticed an orc knight
 13641 | D:12     | Reached XP level 12. HP: 18/76 MP: 14/16
 13644 | D:12     | Reached ***** piety under Okawaru
 13645 | D:12     | Reached skill level 11 in Maces & Flails
 14638 | D:12     | Received a gift from Okawaru
 14644 | D:12     | Killed a boulder beetle
 15032 | D:12     | Identified the +8 chain mail of the Battered Xenops {rElec}
 15065 | D:13     | Noticed a two-headed ogre
 15065 | D:13     | Noticed Nessos
 15065 | D:13     | Found a gate to the Vaults.
 15075 | D:12     | Killed a two-headed ogre
 15326 | D:13     | Noticed Josephine
 15816 | Lair:1   | Entered Level 1 of the Lair of Beasts
 15832 | Lair:1   | Identified the +11 falchion of Ukky {vorpal, rF++ rN+++
                  | Stlth-}
 16084 | D:9      | Reached skill level 12 in Maces & Flails
 16424 | Lair:1   | Reached skill level 1 in Long Blades
 16429 | Lair:1   | Reached skill level 10 in Fighting
 16774 | Lair:1   | Received a gift from Okawaru
 17104 | Lair:1   | Reached XP level 13. HP: 82/82 MP: 19/19
 17456 | Lair:1   | Reached skill level 5 in Throwing
 18493 | Lair:2   | Found a transporter.
 18799 | Lair:2   | Found a transporter.
 18868 | Lair:2   | Noticed Zgarb's ghost (journeyman TeHu)
 19208 | Lair:2   | Found a staircase to the Snake Pit.
 19450 | Lair:2   | Found the +1 robe of Vines {NoPotionHeal Regen++++}
 19456 | Lair:2   | HP: 2/83 [blink frog (12)]
 19970 | Lair:2   | Received a gift from Okawaru
 20672 | Lair:3   | Reached skill level 10 in Invocations
 20676 | Lair:3   | Noticed Snorg
 21302 | Lair:2   | Slain by Snorg

Illustrated notes

Levels and vault maps discovered:
D:1:      nicolae_arrival_somewhat_less_tricky_arrival, layout_basic,
          corner_web_ring
D:2:      layout_basic, ebering_ecumenical_altar_ruins, basic_altar,
          minmay_misc_feat_doors
D:3:      layout_rooms, chequers_serial_rivers_small_b, uniq_sigmund
D:4:      layout_rooms, cheibrodos_sewer_entry_sluice,
          minmay_hollow_rounded_squares, uniq_pikel
D:5:      layout_loops_ring
D:6:      layout_basic
D:7:      layout_rooms, lemuel_tele_altar, minmay_temple_entry_slanted,
          serial_bayou_pond_e, kennysheep_cross_room, minmay_circle_x,
          uniq_joseph
D:8:      layout_loops_corners
D:9:      layout_irregular_city, lair_entry_dummy
D:10:     layout_loops_corners
D:11:     layout_irregular_city, minmay_orc_entry_guard_dogs, serial_shops,
          shop, uniq_urug
D:12:     layout_roguey [special_room_orc], serial_shops, nicolae_stop_n_shop_1,
          nicolae_sif_muna_condensation
D:13:     layout_layer_cave, david_vaults_3, special_room [special_room_bee],
          uniq_sonja, uniq_josephine
Temple:   nicolae_temple_the_god_donut
Lair:1:   lemuel_ratsnest, layout_regular_city, chequers_serial_rivers_small_3,
          lemuel_fruit_fields, infiniplex_staircase_pool_2, serial_bayou_shore_b
Lair:2:   layout_misc_corridors, minmay_snake_entry_guardpost_medium,
          nzn_ghost_randoct, hellmonk_guarded_unrand_vines
Lair:3:   layout_cave_pods, shoals_dummy_entry, grunt_megastairs_4, uniq_snorg

Skill      XL: |  1  2  3  4  5  6  7  8  9 10 11 12 13 |
---------------+----------------------------------------+-----
Maces & Flails | 3 4 6 7 8 9 10 12 | 12.0
Fighting       | 4 5 6 7 8 9 10 | 10.7
Armour         | 4 5 6 7 8 9 |  9.0
Shields        | 4 5 6 7 9 |  9.0
Evocations     | 1 3 5 7 |  7.1
Invocations    | 3 5 8 10 | 10.0
Throwing       | 1 3 4 5 |  5.0
Long Blades    | 1 3 |  3.7

Action                   |  1- 3 |  4- 6 |  7- 9 | 10-12 | 13-15 || total
-------------------------+-------+-------+-------+-------+-------++-------
Melee: Flail             |   125 |    94 |   400 |   662 |    40 ||  1321
       Falchion          |       |       |       |   117 |   327 ||   444
Throw: Throwing net      |       |     2 |     1 |       |       ||     3
       Javelin           |       |       |     1 |    34 |     9 ||    44
Invok: Heroism           |       |       |       |    21 |    13 ||    34
       Finesse           |       |       |       |     1 |     3 ||     4
Evoke: Condenser vane    |       |       |     1 |     1 |       ||     2
       Wand              |       |       |     1 |    11 |       ||    12
  Use: Potion            |       |     1 |     3 |     3 |     1 ||     8
       Scroll            |       |     1 |     3 |    10 |     4 ||    18
 Stab: Held in net/web   |       |       |     1 |       |       ||     1
Armor: Scale mail        |    53 |       |       |       |       ||    53
       Chain mail        |       |    59 |   196 |   593 |   286 ||  1134
Dodge: Dodged            |    53 |    51 |   161 |   392 |   201 ||   858
Block: Buckler           |    31 |    11 |    77 |   255 |   138 ||   512

Table legend: (Time is in decaauts)
 A = Elapsed time spent in this place.
 B = Non-inter-level travel time spent in this place.
 C = Inter-level travel time spent in this place.
 D = Time resting spent in this place.
 E = Time spent auto-exploring this place.
 F = Levels seen in this place.
 G = Mean time per level.
                   A        B        C        D        E       F      G
               +--------+--------+--------+--------+--------+-----+--------+
         Total |  21301 |  20719 |    582 |    615 |  16489 |  17 | 1253.0 |
       Dungeon |  16371 |  15904 |    467 |    594 |  12644 |  13 | 1259.3 |
        Temple |    145 |    122 |     23 |      0 |    105 |   1 |  145.0 |
          Lair |   4784 |   4692 |     92 |     21 |   3740 |   3 | 1594.7 |
               +--------+--------+--------+--------+--------+-----+--------+

Top non-repeatable levels by time:
    D:12: 2384 daAuts
  Lair:1: 2373 daAuts
  Lair:2: 2341 daAuts
     D:9: 1949 daAuts
    D:10: 1685 daAuts
     D:4: 1566 daAuts
     D:7: 1253 daAuts
     D:6: 1248 daAuts
     D:1: 1229 daAuts
    D:11: 1205 daAuts
     D:3: 1089 daAuts
     D:2: 969 daAuts
     D:5: 904 daAuts
     D:8: 874 daAuts
  Temple: 145 daAuts
